 Dungeon Crawl Stone Soup version 0.29.1-12-g30fa7ad0bf (webtiles) character file.

Game seed: 673834874292224133

129334 Jushak the Destroyer (level 17, -2/107 HPs)
             Began as a Gargoyle Earth Elementalist on Jan 11, 2023.
             Was a Priest of Sif Muna.
             Slain by Rupert
             ... wielding a +3 battleaxe of electrocution
              (6 damage)
             ... on level 1 of the Orcish Mines on Jan 12, 2023.
             The game lasted 03:59:09 (41042 turns).

Jushak the Destroyer (Gargoyle Earth Elementalist) Turns: 41042, Time: 03:59:10

Health: -2/107     AC: 27    Str: 14    XL:     17   Next: 5%
Magic:  15/40      EV: 11    Int: 25    God:    Sif Muna [***...]
Gold:   1836       SH:  5    Dex: 12    Spells: 0/37 levels left

rFire   . . .      SeeInvis .   h - +5 sling of Fuzzy Guile {venom, +Blink Will+}
rCold   . . .      Faith    +   c - +0 buckler
rNeg    + . .      Spirit   .   d - +0 swamp dragon scales
rPois   ∞          Reflect  .   g - +0 helmet
rElec   +          Harm     .   l - +1 cloak
rCorr   .          Rampage  .   N - +0 pair of gloves
Will    +++..                   Q - +0 pair of boots of Charity {Regen+ Str+3 Dex-5}
Stlth   ++........              O - amulet "Hallimel" {Faith Dex+7}
HPRegen 1.07/turn               t - ring of willpower
MPRegen 0.27/turn               F - ring of magical power

@: on blink cooldown, flying
A: sickness immunity, AC +12, big wings, negative energy resistance 1,
electricity resistance, torment resistance 1, petrification resistance
a: Renounce Religion, Evoke Blink, Channel Magic, Forget Spell


You were on level 1 of the Orcish Mines.
You worshipped Sif Muna.
Sif Muna was most pleased with you.
You visited 5 branches of the dungeon, and saw 27 of its levels.
You also visited: Sewer.

You collected 1923 gold pieces.
You spent 87 gold pieces at shops.

Inventory:

Hand Weapons
 e - a +1 demon blade of flaming
 h - the +5 sling of Fuzzy Guile (weapon) {venom, +Blink Will+}
   (You found it on level 5 of the Dungeon)

   Any ammunition fired from it poisons the flesh of those it strikes.
   +Blink:    It lets you blink.
   Will:      It increases your willpower.
 k - a +4 spear of venom
 z - a +2 whip of electrocution
Missiles
 y - 2 throwing nets
Armour
 c - a +0 buckler (worn)
 d - +0 swamp dragon scales (worn)
 g - a +0 helmet (worn)
 l - a +1 cloak (worn)
 q - a +0 robe of resistance
 G - a +0 troll leather armour
 J - a +0 ring mail of fire resistance
 N - a +0 pair of gloves (worn)
 Q - the +0 pair of boots of Charity (worn) {Regen+ Str+3 Dex-5}
   (You found it on level 1 of the Swamp)

   Str:       It affects your strength (+3).
   Dex:       It affects your dexterity (-5).
   Regen:     It increases your rate of health regeneration.
Magical Staves
 f - a staff of conjuration
 j - a staff of cold
 C - a staff of air
Jewellery
 t - a ring of willpower (left hand)
 v - a ring of fire
 F - a ring of magical power (right hand)
 I - a +6 ring of intelligence
 M - the ring of Moga {+Blink rPois Str-5 SInv}
   (You took it off a spriggan on level 1 of the Swamp)

   [ring of poison resistance]

   Str:       It affects your strength (-5).
   rPois:     It protects you from poison.
   SInv:      It lets you see invisible.
   +Blink:    It lets you blink.
 O - the amulet "Hallimel" (around neck) {Faith Dex+7}
   (You found it on level 8 of the Dungeon)

   [amulet of faith]

   It allows you to gain divine favour quickly.
   Dex:       It affects your dexterity (+7).
 R - a ring of willpower
 Y - a ring of ice
Wands
 a - a wand of mindburst (26)
 w - a wand of charming (23)
 x - a wand of iceblast (47)
 E - a wand of light (9)
 V - a wand of flame (5)
 X - a wand of polymorph (3)
Scrolls
 m - 10 scrolls of identify
 r - a scroll of butterflies
 A - a scroll of fear
 H - a scroll of enchant armour
 K - 2 scrolls of brand weapon
 L - 3 scrolls of magic mapping
 P - 3 scrolls of poison
 T - 4 scrolls of teleportation
Potions
 b - 3 potions of magic
 i - 6 potions of mutation
 n - 4 potions of haste
 o - 3 potions of lignification
 p - 2 potions of heal wounds
 s - 6 potions of curing
 u - 5 potions of cancellation
 B - 8 potions of might
 D - a potion of brilliance
 U - 2 potions of invisibility
 W - 2 potions of resistance
 Z - 2 potions of ambrosia


   Skills:
 + Level 12.3 Fighting
 - Level 6.0 Armour
 - Level 4.0 Dodging
 - Level 5.0 Stealth
 * Level 4.5 Shields
 + Level 10.6 Spellcasting
 + Level 14.6 Conjurations
 - Level 8.0 Hexes
 - Level 6.0 Summonings
 - Level 3.0 Transmutations
 * Level 9.9 Fire Magic
 + Level 13.8 Earth Magic
 - Level 9.0 Invocations
 * Level 3.7 Evocations


You couldn't memorise any spells.
You knew the following spells:

 Your Spells              Type           Power      Damage    Failure   Level
a - Tukima's Dance        Hex            52%        N/A       1%          3
b - Passwall              Tmut/Erth      44%        N/A       1%          2
c - Stone Arrow           Conj/Erth      100%       3d13      1%          3
d - Ignite Poison         Fire/Tmut/Pois 34%        N/A       6%          3
e - Conjure Flame         Conj/Fire      65%        6-21      1%          3
f - Fulminant Prism       Conj/Hex       31%        3d16      1%          4
g - Fireball              Conj/Fire      32%        3d14      1%          5
h - Lehudib's Crystal Sp  Conj/Erth      35%        10d9      91%         8
i - Call Canine Familiar  Summ           43%        N/A       3%          3
j - Summon Guardian Gole  Hex/Summ       48%        N/A       1%          3

Your spell library contained the following spells:

 Spells                   Type           Power      Damage    Failure   Level
 Foxfire                  Conj/Fire      100%       2x1d9     1%          1
 Magic Dart               Conj           100%       1d8       1%          1
 Sandblast                Erth           100%       2d20      1%          1
 Shock                    Conj/Air       100%       1d9       1%          1
 Summon Small Mammal      Summ           100%       N/A       1%          1
 Static Discharge         Conj/Air       49%        3-10/arc  1%          2
 Dazzling Flash           Conj/Hex       100%       N/A       1%          3
 Inner Flame              Hex/Fire       55%        N/A       1%          3
 Flame Wave               Conj/Fire      65%        2d15      1%          4
 Leda's Liquefaction      Hex/Erth       30%        N/A       1%          4
 Sticky Flame             Conj/Fire      65%        2d8       1%          4
 Beastly Appendage        Tmut           56%        N/A       3%          1
 Petrify                  Tmut/Erth      53%        N/A       3%          4
 Wereblood                Tmut           28%        N/A       4%          2
 Cause Fear               Hex            26%        N/A       4%          4
 Hailstorm                Conj/Ice       49%        3d11      5%          4
 Iskenderun's Mystic Bla  Conj/Tloc      49%        2d11      5%          4
 Irradiate                Conj/Tmut      27%        3d20      9%          5
 Starburst                Conj/Fire      32%        6d10      11%         6
 Spider Form              Tmut/Pois      20%        N/A       19%         3
 Orb of Destruction       Conj           36%        9d11      24%         7
 Yara's Violent Unravell  Hex/Tmut       20%        3d9       32%         5
 Ozocubu's Armour         Ice            13%        N/A       34%         3
 Freezing Cloud           Conj/Ice/Air   18%        6-21      38%         5
 Ice Form                 Ice/Tmut       20%        N/A       52%         4
 Metabolic Englaciation   Hex/Ice        16%        N/A       52%         5
 Silence                  Hex/Air        16%        N/A       52%         5
 Corpse Rot               Necr/Pois/Air  13%        N/A       75%         4
 Dispel Undead            Necr           13%        3d9       75%         4
 Passage of Golubria      Tloc           13%        N/A       75%         4
 Spellforged Servitor     Conj/Summ      30%        N/A       80%         7
 Agony                    Necr           13%        N/A       97%         5
 Enfeeble                 Hex            26%        N/A       98%         7
 Death Channel            Necr           6%         N/A       100%        6
 Simulacrum               Ice/Necr       6%         N/A       100%        6
 Dragon Form              Tmut           14%        N/A       100%        7
 Ozocubu's Refrigeration  Ice            6%         4d8       100%        7
 Discord                  Hex            26%        N/A       100%        8
 Dragon's Call            Summ           21%        N/A       100%        9


Dungeon Overview and Level Annotations

Branches:
Dungeon (15/15)            Temple (1/1) D:5            Lair (5/5) D:10
  Swamp (4/4) Lair:3        Snake (0/4) Lair:3        Slime (0/5) Lair:4
    Orc (2/2) D:10         Vaults (0/5) D:14         Depths (0/4) D:15
  Sewer (visited)
    Elf: Orc:2

Altars:
Ashenzari
Cheibriados
Dithmenos
Elyvilon
Fedhas
Gozag
Hepliaklqana
Kikubaaqudgha
Makhleb
Nemelex Xobeh
Okawaru
Qazlal
Ru
Sif Muna
Trog
Uskayaw
Vehumet
Wu Jian
Xom
Yredelemnul
Zin
The Shining One
Jiyva

Shops:
D:5 (   D:7 =   D:13 *

Annotations:
D:9 3 runed translucent doors, exclusion: 3 doors, vvl's ghost, novice DrAE
Lair:4 exclusion: 2 oklob plants
Swamp:4 Lernaean hydra
Orc:1 Rupert


Innate Abilities, Weirdness & Mutations

You are immune to sickness and miasma.
Your stone body is resilient. (AC +12)
You are immune to poison.
Your large and strong wings let you fly.
You resist negative energy. (rN+)
You are resistant to electric shocks. (rElec)
You are resistant to unholy torment.
You are immune to petrification.


Message History

Casting: Call Canine Familiar (mildly dangerous; 3% risk of failure)
Confirm with . or Enter, or press ? or * to list all spells.
Aiming: Stone Arrow (safe; 1% risk of failure)
Press: ? - help, Shift-Dir - straight line, f - Rupert
Aim: Rupert, wielding a +3 battleaxe of electrocution and wearing a +3 ring mail of willpower (flame, lightly wounded, berserk, ally target, 81% to hit)
The stone arrow hits Rupert!
Rupert is moderately wounded.
Rupert is engulfed in blazing flames.
Your wolf is engulfed in blazing flames.
Your wolf bites Rupert!
Rupert is engulfed in blazing flames.
Rupert barely misses you.
Rupert hits your wolf with a +3 battleaxe of electrocution!!
Your wolf dies!
Your wolf's corpse disappears in a puff of smoke!
Casting: Stone Arrow (safe; 1% risk of failure)
Confirm with . or Enter, or press ? or * to list all spells.
Aiming: Stone Arrow (safe; 1% risk of failure)
Press: ? - help, Shift-Dir - straight line, f/p - Rupert
Aim: Rupert, wielding a +3 battleaxe of electrocution and wearing a +3 ring mail of willpower (flame, moderately wounded, berserk, 81% to hit)
The stone arrow misses Rupert.
Rupert is engulfed in blazing flames.
Rupert hits you with a +3 battleaxe of electrocution!!
Casting: Stone Arrow (safe; 1% risk of failure)
Confirm with . or Enter, or press ? or * to list all spells.
Aiming: Stone Arrow (safe; 1% risk of failure)
Press: ? - help, Shift-Dir - straight line, f/p - Rupert
Aim: Rupert, wielding a +3 battleaxe of electrocution and wearing a +3 ring mail of willpower (flame, moderately wounded, berserk, 81% to hit)
The stone arrow hits Rupert!
Rupert is heavily wounded.
Rupert is engulfed in blazing flames.
Rupert hits you with a +3 battleaxe of electrocution!
Rupert is engulfed in blazing flames.
Rupert hits you with a +3 battleaxe of electrocution!
* * * LOW HITPOINT WARNING * * *
You fail to use your ability.
Rupert is engulfed in blazing flames.
Rupert hits you but does no damage.
You blink.
You are engulfed in blazing flames.
* * * LOW HITPOINT WARNING * * *
Rupert is engulfed in blazing flames.
Rupert hits you with a +3 battleaxe of electrocution.
You die...

###...#...#<##
#....####....#
#....###..#.##
###.......###
##.....##
###..####
#.......##
####..#....##
#.#..##>[§@☼##
##..#####).@§#
##..###.§#§##
#...#..####
###...## ##.##
##.# ###


You could see Rupert (berserk).

Vanquished Creatures
  A tentacled monstrosity (Swamp:4)
  Gastronok (D:11)
  A fenstrider witch (Swamp:3)
  2 thorn hunters
  3 bunyips
  An ettin (D:15)
  A yaktaur captain (D:14)
  A shambling mangrove (Swamp:3)
  Josephine (D:13)
  7 boulder beetles
  2 ogre magi (D:15)
  23 hydras
  A catoblepas (Lair:4)
  3 ghost crabs
  12 alligators
  3 centaur warriors
  12 two-headed ogres
  3 death yaks (Lair:5)
  Sonja (D:11)
  A fire crab (shapeshifter) (D:14)
  A hell knight (D:15)
  6 bog bodies
  2 goliath frogs
  2 spriggan druids
  3 deep trolls
  8 swamp dragons
  2 wizards (D:15)
  A lindwurm (Lair:5)
  Pikel (D:6)
  2 wolf spiders (Lair:5)
  A necromancer (D:15)
  2 will-o-the-wisps
  5 cyclopes
  2 ugly things
  8 slime creatures (D:15)
  2 manticores
  5 elephants (Lair:5)
  A guardian serpent (Lair:5)
  10 black mambas
  16 cane toads
  3 gargoyles
  An unseen horror (D:12)
  Psyche (D:9)
  2 yaktaurs (D:14)
  5 rime drakes
  2 demonic crawlers (D:13)
  6 komodo dragons
  A tengu conjurer (D:14)
  14 hornets
  6 tyrant leeches
  4 polar bears
  3 trolls
  Prince Ribbit (D:5)
  3 meliai (D:13)
  A wind drake (shapeshifter) (D:15)
  7 dream sheep (Lair:4)
  20 blink frogs
  13 spriggans
  2 shadows
  17 wyverns
  3 vampires
  6 wraiths
  51 yaks
  2 redbacks (Lair:5)
  5 basilisks
  13 vampire mosquitoes
  A steam dragon (Lair:3)
  4 acid dragons
  14 swamp worms
  35 water moccasins
  5 orc warriors
  2 black bears
  2 sky beasts
  7 swamp drakes
  2 ice beasts
  5 boggarts (D:14)
  8 ogres
  A boggart (shapeshifter) (D:13)
  15 wolves
  6 centaurs
  2 phantoms
  A lemure (D:6)
  5 kobold brigands
  14 bullfrogs
  2 necrophages (D:5)
  3 scorpions
  14 wights
  2 electric eels
  2 howler monkeys
  4 jellies
  10 orc priests
  3 hounds
  4 iguanas
  7 orc wizards
  8 gnolls
  13 adders
  A river rat (Sewer)
  A shadow imp (D:6)
  3 ufetubi
  3 worms
  A dart slug (D:5)
  38 orcs
  8 endoplasms
  A giant cockroach (D:4)
  7 hobgoblins
  3 quokkas
  8 ball pythons
  3 bats (D:3)
  6 goblins
  26 kobolds
  8 rats
  A fulminant prism (Lair:4)
671 creatures vanquished.

Vanquished Creatures (collateral kills)
  A hydra (Lair:1)
1 creature vanquished.

Vanquished Creatures (others)
  A spriggan druid (Swamp:1)
  2 hornets
  An orc wizard (D:13)
  2 foxfires (Swamp:4)
  202 fulminant prisms
  66 fungi
  121 plants
395 creatures vanquished.

Grand Total: 1067 creatures vanquished

Notes
Turn   | Place    | Note
-------+----------+-------------------------------------------
     0 | D:1      | Jushak the Gargoyle Earth Elementalist began the quest for
                  | the Orb.
     0 | D:1      | Reached XP level 1. HP: 10/10 MP: 3/3
   590 | D:1      | Found a faded altar of an unknown god.
   854 | D:1      | Reached XP level 2. HP: 16/16 MP: 3/5
   998 | D:2      | Reached skill level 1 in Transmutations
  1001 | D:2      | Learned a level 2 spell: Passwall
  1025 | D:2      | Found a shimmering blue altar of Sif Muna.
  1246 | D:3      | Reached XP level 3. HP: 18/20 MP: 3/6
  1270 | D:3      | Reached skill level 1 in Fighting
  1378 | D:3      | Found a glowing drain.
  1395 | Sewer    | Entered a sewer
  1448 | Sewer    | Reached XP level 4. HP: 25/25 MP: 0/7
  1821 | Sewer    | Reached XP level 5. HP: 30/30 MP: 3/8
  1825 | Sewer    | Learned a level 3 spell: Stone Arrow
  1983 | Sewer    | Noticed a kobold brigand
  1993 | Sewer    | Killed a kobold brigand
  2330 | D:3      | Reached XP level 6. HP: 35/35 MP: 4/10
  3753 | D:4      | Reached skill level 1 in Conjurations
  4385 | D:4      | Reached XP level 7. HP: 40/40 MP: 7/11
  4636 | D:5      | Entered Level 5 of the Dungeon
  4833 | D:5      | Noticed Prince Ribbit
  4887 | D:5      | Reached skill level 2 in Conjurations
  4887 | D:5      | Reached skill level 5 in Earth Magic
  4957 | D:5      | Found a staircase to the Ecumenical Temple.
  4964 | Temple   | Entered the Ecumenical Temple
  5338 | Temple   | Became a worshipper of Sif Muna the Loreminder
  5592 | D:5      | Identified the +5 sling of Fuzzy Guile {venom, +Blink
                  | Will+}
  5783 | D:5      | Killed Prince Ribbit
  5784 | D:5      | Reached skill level 3 in Conjurations
  5784 | D:5      | Reached XP level 8. HP: 35/46 MP: 10/13
  5920 | D:5      | Reached skill level 4 in Conjurations
  5995 | D:5      | Found a glowing silver altar of Zin.
  6562 | D:4      | Reached skill level 5 in Stealth
  7283 | D:5      | Found Xikkuonu's Weapon Emporium.
  7476 | D:5      | Reached skill level 5 in Conjurations
  7721 | D:5      | Reached XP level 9. HP: 52/52 MP: 11/15
  8090 | D:6      | Noticed Pikel
  8112 | D:6      | Killed Pikel
  8113 | D:6      | Reached skill level 5 in Fighting
  8318 | D:6      | Reached skill level 6 in Conjurations
  8863 | D:6      | Reached * piety under Sif Muna
  8864 | D:6      | Reached skill level 5 in Spellcasting
  8868 | D:6      | Learned a level 3 spell: Ignite Poison
  9121 | D:6      | Noticed a troll
  9130 | D:6      | Killed a troll
  9131 | D:6      | Reached skill level 7 in Conjurations
  9650 | D:7      | Reached skill level 1 in Armour
  9785 | D:7      | Reached XP level 10. HP: 60/60 MP: 10/17
 10506 | D:7      | Found Litu's Jewellery Emporium.
 10939 | D:7      | You fall into a shaft and drop 3 floors!
 10939 | D:10     | Entered Level 10 of the Dungeon
 11187 | D:9      | Noticed a deep elf pyromancer
 11188 | D:9      | Noticed vvl's ghost (novice DrAE)
 11190 | D:9      | Noticed Psyche
 11194 | D:9      | Killed Psyche
 11195 | D:9      | Reached skill level 8 in Conjurations
 12510 | D:8      | Identified the amulet "Hallimel" {Faith Dex+7}
 13254 | D:9      | Noticed a kobold demonologist
 13331 | D:9      | Found a runed translucent gate.
 13331 | D:9      | Found a runed translucent gate.
 13331 | D:9      | Found a runed translucent gate.
 13511 | D:8      | Reached ** piety under Sif Muna
 13849 | D:9      | Reached skill level 5 in Armour
 14004 | D:9      | Reached skill level 9 in Conjurations
 14139 | D:9      | Reached XP level 11. HP: 67/67 MP: 20/20
 14951 | D:10     | Found a staircase to the Orcish Mines.
 15121 | D:10     | Reached skill level 1 in Invocations
 15593 | D:10     | Found a staircase to the Lair.
 15780 | D:11     | Noticed Sonja
 15794 | D:11     | Killed Sonja
 15872 | D:11     | Noticed Gastronok
 16257 | D:11     | Found a gate leading to a gauntlet.
 16400 | D:11     | Reached skill level 10 in Conjurations
 16508 | D:11     | Noticed a two-headed ogre
 16589 | D:11     | Reached *** piety under Sif Muna
 16820 | D:11     | Noticed a cyclops
 16956 | Lair:1   | Entered Level 1 of the Lair of Beasts
 17251 | Lair:1   | Noticed a four-headed hydra
 17308 | Lair:1   | Killed a four-headed hydra
 17318 | Lair:1   | Reached XP level 12. HP: 51/74 MP: 22/22
 17552 | Lair:1   | Reached skill level 5 in Invocations
 17776 | Lair:1   | Learned a level 3 spell: Conjure Flame
 17924 | Lair:1   | Reached skill level 11 in Conjurations
 18471 | Lair:2   | Reached skill level 1 in Fire Magic
 18602 | Lair:2   | Reached **** piety under Sif Muna
 18688 | Lair:2   | Noticed a six-headed hydra
 18688 | Lair:2   | Noticed a boulder beetle
 18762 | Lair:2   | Killed a six-headed hydra
 18763 | Lair:2   | Reached skill level 10 in Earth Magic
 19494 | Lair:2   | Killed a boulder beetle
 20097 | Lair:3   | Found a staircase to the Snake Pit.
 20846 | Lair:3   | Reached skill level 12 in Conjurations
 21155 | Lair:3   | Reached XP level 13. HP: 80/80 MP: 4/24
 22079 | Lair:3   | Found a staircase to the Swamp.
 22783 | Lair:4   | Reached ***** piety under Sif Muna
 23038 | Lair:4   | Received a gift from Sif Muna
 23042 | Lair:4   | Got Sif Muna's Vellum of Rime and the Barrage {god gift}
 23106 | Lair:4   | Learned a level 4 spell: Fulminant Prism
 23221 | Lair:4   | Reached skill level 1 in Hexes
 23641 | Lair:4   | Found a staircase to the Slime Pits.
 23642 | Lair:4   | Found a viscous altar of Jiyva.
 24506 | Lair:5   | Entered Level 5 of the Lair of Beasts
 24709 | Lair:5   | Reached skill level 10 in Fighting
 25014 | Lair:5   | Gained mutation: Your large and strong wings let you fly.
                  | [Gargoyle growth]
 25014 | Lair:5   | Reached XP level 14. HP: 88/88 MP: 26/26
 25054 | Lair:5   | Reached skill level 13 in Conjurations
 25900 | Lair:5   | Learned a level 5 spell: Fireball
 25909 | Lair:5   | Learned a level 8 spell: Lehudib's Crystal Spear
 25971 | Lair:5   | Reached skill level 5 in Hexes
 26707 | Lair:5   | Received a gift from Sif Muna
 26710 | Lair:5   | Got Baykics's Teachings on Excruciating Beguiling {god
                  | gift}
 27094 | Lair:5   | Reached skill level 5 in Fire Magic
 28617 | D:11     | Killed Gastronok
 30130 | D:12     | Found a hide-covered altar of Uskayaw.
 30492 | D:13     | Reached XP level 15. HP: 79/94 MP: 14/28
 30494 | D:13     | Noticed Josephine
 30502 | D:13     | Killed Josephine
 30790 | D:13     | Found Ikhi Luss's Assorted Antiques.
 30795 | D:13     | Bought a scroll of teleportation for 87 gold pieces
 31810 | D:13     | Learned a level 3 spell: Call Canine Familiar
 32376 | D:13     | Reached skill level 1 in Summonings
 33306 | D:14     | Found a gate to the Vaults.
 33447 | Orc:1    | Entered Level 1 of the Orcish Mines
 33513 | Orc:2    | Entered Level 2 of the Orcish Mines
 33669 | Orc:2    | Noticed Rupert
 33877 | D:14     | Found an iron altar of Okawaru.
 34206 | D:15     | Entered Level 15 of the Dungeon
 34683 | D:15     | Reached skill level 14 in Conjurations
 35064 | D:15     | Reached skill level 10 in Spellcasting
 35326 | D:15     | Found a staircase to the Depths.
 35977 | Swamp:1  | Entered Level 1 of the Swamp
 36159 | Swamp:1  | Received a gift from Sif Muna
 36160 | Swamp:1  | Reached XP level 16. HP: 101/101 MP: 23/30
 36271 | Swamp:1  | Identified the ring of Moga {+Blink rPois Str-5 SInv}
 36722 | Swamp:1  | Noticed a thorn hunter
 36727 | Swamp:1  | Killed a thorn hunter
 36880 | Swamp:1  | Identified the +0 pair of boots of Charity {Regen+ Str+3
                  | Dex-5}
 36894 | Swamp:1  | Learned a level 3 spell: Summon Guardian Golem
 37623 | Swamp:2  | Reached skill level 1 in Shields
 37762 | Swamp:2  | Reached skill level 1 in Evocations
 38096 | Swamp:2  | Reached skill level 5 in Summonings
 38550 | Swamp:3  | Noticed a thorn hunter
 38784 | Swamp:3  | Killed a thorn hunter
 39083 | Swamp:3  | Received a gift from Sif Muna
 39104 | Swamp:3  | Got Eblinea's Compendium of Striking and Curses {god gift}
 39214 | Swamp:3  | Found a shimmering blue altar of Sif Muna.
 39372 | Swamp:3  | Noticed a fenstrider witch
 39384 | Swamp:3  | Killed a fenstrider witch
 39676 | Swamp:4  | Entered Level 4 of the Swamp
 39676 | Swamp:4  | Noticed a tentacled monstrosity
 39688 | Swamp:4  | Noticed a fenstrider witch
 39688 | Swamp:4  | Noticed a tentacled monstrosity
 40465 | Swamp:4  | Killed a tentacled monstrosity
 40497 | Swamp:4  | Reached XP level 17. HP: 95/107 MP: 31/31
 40805 | Swamp:4  | Noticed the 27-headed Lernaean hydra
 41021 | Orc:1    | Learned a level 3 spell: Tukima's Dance
 41042 | Orc:1    | HP: 3/107 [themself] (18)]
 41042 | Orc:1    | Slain by Rupert

Illustrated notes

Levels and vault maps discovered:
D:1:      dpeg_arrival_boxorama, layout_basic,
          dreamdust_ecumenical_altar_angels_and_demons
D:2:      kennysheep_big_flooded_room, layout_basic, basic_altar, serial_forest,
          infiniplex_forest_clump_cross, infiniplex_forest_end_3,
          infiniplex_forest_clump_curved, infiniplex_forest_straight_5,
          infiniplex_forest_corner_1, infiniplex_forest_corner_1,
          infiniplex_forest_zigzag_1, infiniplex_forest_end_3, minmay_rat_hole
D:3:      layout_rooms, cheibrodos_sewer_entry_sluice
D:4:      minmay_recursive_quarters, layout_basic, kennysheep_crisscross
D:5:      layout_basic, kennysheep_mini_moat, minmay_temple_entry_junction_2,
          serial_shops, nicolae_shop_bloodbath_and_beyond, serial_bayou_pond_e,
          kennysheep_big_empty_room, minmay_misc_feat_alley,
          nicolae_fountain_basement, uniq_prince_ribbit1
D:6:      layout_basic, uniq_pikel
D:7:      layout_layer_cave, serial_shops, nicolae_shop_advertising_works
          [nicolae_subvault_shop_adworks]
D:8:      layout_basic
D:9:      layout_rooms, gammafunk_ghost_split, uniq_psyche
D:10:     layout_loops_cross, erik_lair_dragon, orc_0_dummy
D:11:     layout_basic, gauntlet_entry_generic, uniq_sonja, uniq_gastronok
D:12:     layout_grid_maze, nicolae_uskayaw_dance_hall
D:13:     kennysheep_ambush_hall, layout_stronghold, serial_shops,
          kennysheep_little_box, einodemon_crawler_minivault, uniq_josephine
D:14:     layout_irregular_city, david_vaults_2, okawaru_ov_weapons_minmay
D:15:     hangedman_depths_entry_civil_slaughter, layout_loops_ring
Temple:   regret_index_temple_sigil_plot
Lair:1:   layout_loops_ring, st_stairs_3, serial_bayou_lagoon_a,
          chequers_serial_rivers_micro_d
Lair:2:   layout_roguey
Lair:3:   dreamdust_cave_troll, layout_cave_pods,
          nicolae_swamp_entry_splash_gauntlet, dummy_snake_entry,
          chequers_serial_rivers_room_a
Lair:4:   layout_cellular_growth, minmay_slime_entry_oklob_open,
          grunt_forest_stairs_clearing
Lair:5:   hangedman_lair_tendril_chambers, layout_cave_pods
Swamp:1:  layout_basic_swamp, nicolae_swamp_small_spring
Swamp:2:  layout_basic_swamp, nicolae_swamp_ascending_descending_big,
          hangedman_swamp_cone
Swamp:3:  layout_basic_swamp, lemuel_altar_in_water2, infiniplex_staircase_pool
Swamp:4:  swamp_old_school, layout_basic_swamp, uniq_mara
Orc:1:    layout_diamond_mine, serial_shops, shop, lightli_orcish_oven,
          uniq_jorgrun
Orc:2:    grunt_orc_tribal_feast, layout_diamond_mine, mines5_lemuel,
          uniq_maurice, uniq_saint_roka, uniq_rupert

Skill      XL: |  1  2  3  4  5  6  7  8  9 10 11 12 13 14 15 16 |
---------------+-------------------------------------------------+-----
Transmutations | 1 2 3 |  3.0
Fighting       | 1 2 3 4 5 7 8 9 10 11 12 | 12.3
Dodging        | 2 3 4 |  4.0
Earth Magic    | 4 5 6 7 8 9 10 11 12 13 | 13.8
Stealth        | 3 4 5 |  5.0
Spellcasting   | 3 4 5 6 7 8 9 10 | 10.6
Conjurations   | 1 3 5 7 9 10 12 13 14 | 14.6
Armour         | 1 5 6 |  6.0
Invocations    | 4 7 9 |  9.0
Fire Magic     | 3 4 6 8 9 |  9.9
Hexes          | 3 6 8 |  8.0
Summonings     | 3 6 |  6.0
Shields        | 4 |  4.5
Evocations     | 3 |  3.7

Action                   |  1- 3 |  4- 6 |  7- 9 | 10-12 | 13-15 | 16-18 || total
-------------------------+-------+-------+-------+-------+-------+-------++-------
Melee: Unarmed           |     4 |       |       |       |       |       ||     4
       Staff             |       |       |       |    17 |    21 |       ||    38
       Spear             |       |       |       |     2 |       |       ||     2
 Fire: Sling             |       |       |    16 |       |       |       ||    16
 Cast: Sandblast         |    34 |   108 |    81 |     6 |     2 |       ||   231
       Stone Arrow       |       |       |    55 |   366 |   452 |   241 ||  1114
       Passwall          |       |       |    10 |     2 |       |       ||    12
       Conjure Flame     |       |       |       |     6 |     7 |       ||    13
       Fulminant Prism   |       |       |       |       |   180 |    23 ||   203
       Fireball          |       |       |       |       |    49 |    57 ||   106
       Call Canine Famil |       |       |       |       |     3 |    14 ||    17
       Summon Guardian G |       |       |       |       |       |    10 ||    10
       Tukima's Dance    |       |       |       |       |       |     1 ||     1
Invok: Channel Magic     |       |       |       |     2 |    11 |    14 ||    27
 Abil: Evoke Blink       |       |       |       |       |     1 |     2 ||     3
  Use: Scroll            |       |     9 |     5 |     9 |    10 |     7 ||    40
       Potion            |       |       |       |     8 |     9 |       ||    17
Armor: Robe              |     5 |    15 |    28 |       |     4 |       ||    52
       Troll leather arm |       |       |       |    48 |   139 |   169 ||   356
       Swamp dragon scal |       |       |       |       |       |     5 ||     5
Dodge: Dodged            |    19 |    40 |    58 |   101 |   187 |   123 ||   528
Block: Buckler           |       |       |       |       |       |    39 ||    39
